 Dungeon Crawl Stone Soup version 0.31-b1-17-gcfd88c8481 (webtiles) character file.

Game seed: 9424349764872635847

16473 hawla the Destroyer (level 12, -1/104 HPs)
             Began as a Pale Draconian Conjurer on Jan 16, 2024.
             Was a Priest of Vehumet.
             Killed from afar by an oklob plant (20 damage)
             ... with a splash of acid
             ... on level 2 of the Lair of Beasts.
             The game lasted 00:52:03 (18518 turns).

hawla the Destroyer (Pale Draconian Conjurer)      Turns: 18518, Time: 00:52:03

Health: -1/104     AC:  7    Str: 13    XL:     12   Next: 10%
Magic:  4/22       EV: 13    Int: 25    God:    Vehumet [***...]
Gold:   697        SH:  0    Dex:  9    Spells: 5/25 levels left

rFire   + + .        p - +5 trident of Eternal Vigilance {flame, rF+ Str+2 Int+2}
rCold   + . .        (no shield)
rNeg    . . .        (body armour unavailable)
rPois   .            s - +0 hat
rElec   .            C - +0 cloak
rCorr   .            c - +1 pair of gloves
SInv    .            (no boots)
Will    .....        w - amulet of regeneration
Stlth   +++          o - ring of flight
HPRegen 1.17/turn    m - ring of protection from cold
MPRegen 0.18/turn

%: no passive effects
@: corroded, flying
A: breathe steam, AC +8, unfitting armour, cold-blooded, steam resistance,
antennae 1, fire resistance 1, robust 1
a: Breathe Steam, Renounce Religion


You were on level 2 of the Lair of Beasts.
You worshipped Vehumet.
Vehumet was most pleased with you.
You visited 3 branches of the dungeon, and saw 12 of its levels.
You also visited: Sewer.

You collected 697 gold pieces.

Inventory:

Hand Weapons
 p - the +5 trident of Eternal Vigilance (weapon) {flame, rF+ Str+2 Int+2}
   (You found it on level 3 of the Dungeon)

   Str+2:     It affects your strength (+2).
   Int+2:     It affects your intelligence (+2).
   rF+:       It protects you from fire.
 B - a +5 quarterstaff of chaos
 F - the +3 long sword of Annoyance {flame, rF+ Int+3}
   (You found it on level 9 of the Dungeon)

   Int+3:     It affects your intelligence (+3).
   rF+:       It protects you from fire.
Armour
 c - a +1 pair of gloves (worn)
 s - a +0 hat (worn)
 C - a +0 cloak (worn)
Magical Staves
 n - a staff of conjuration
 y - a staff of earth
 D - a staff of fire
Jewellery
 f - a ring of wizardry
 h - an amulet of the acrobat
 j - an amulet of magic regeneration
 m - a ring of protection from cold (right hand)
 o - a ring of flight (left hand)
 u - an amulet of reflection
 w - an amulet of regeneration (around neck)
 z - a ring of fire
 E - a ring of positive energy
Wands
 b - a wand of polymorph (13)
 k - a wand of paralysis (13)
 q - a wand of flame (20) (quivered)
Scrolls
 d - 2 scrolls of silence
 g - a scroll of vulnerability
 t - 2 scrolls of amnesia
 v - a scroll of enchant weapon
 x - a scroll of torment
Potions
 a - 4 potions of cancellation
 e - 3 potions of might
 i - 2 potions of brilliance
 l - a potion of resistance
 r - a potion of attraction
 A - a potion of haste


   Skills:
 + Level 5.7 Fighting
 + Level 2.1 Long Blades
 + Level 8.2(8.4) Polearms
 + Level 2.7(5.9) Staves
 + Level 6.9 Dodging
 + Level 5.2 Stealth
 + Level 7.0 Spellcasting
 + Level 8.4 Conjurations
 + Level 6.0 Translocations
 + Level 7.1 Fire Magic
 + Level 3.0 Earth Magic
 + Level 3.2 Evocations


You had 5 spell levels left.
You knew the following spells:

 Your Spells              Type           Power      Damage    Failure   Level
a - Magic Dart            Conj           100%       1d8       1%          1
b - Searing Ray           Conj           100%       2d8       1%          2
c - Iskenderun's Mystic   Conj/Tloc      45%        2d10      1%          4
d - Blink                 Tloc           76%        N/A       1%          2
e - Fireball              Conj/Fire      23%        3d11      2%          5
f - Starburst             Conj/Fire      23%        6d8       11%         6

Your spell library contained the following spells:

 Spells                   Type           Power      Damage    Failure   Level
 Sticky Flame             Fire/Alch      26%        2d6       4%          4
 Foxfire                  Conj/Fire      100%       2x1d9     1%          1
 Shock                    Conj/Air       100%       1d9       1%          1
 Lesser Beckoning         Tloc           76%        N/A       1%          2
 Momentum Strike          Conj/Tloc      90%        3d10      1%          2
 Dazzling Flash           Conj/Hex       58%        N/A       1%          3
 Mephitic Cloud           Conj/Alch/Air  22%        N/A       1%          3
 Mercury Vapours          Alch/Air       16%        N/A       2%          2
 Fulminant Prism          Conj/Alch      14%        3d9       3%          4
 Freezing Cloud           Conj/Ice/Air   11%        6-21      16%         5
 Airstrike                Air            4%         2d(1-17)  17%         4
 Swiftness                Air            8%         N/A       21%         3
 Cause Fear               Hex            4%         N/A       54%         4
 Curse of Agony           Necr           8%         N/A       88%         5
 Silence                  Hex/Air        4%         N/A       88%         5
 Plasma Beam              Fire/Air       13%        2x1d24    50%         6
 Dragon's Call            Summ           4%         N/A       100%        9


Dungeon Overview and Level Annotations

Branches:
Dungeon (9/15)             Temple (1/1) D:6            Lair (2/5) D:9
  Snake (0/4) Lair:2        Sewer (visited)
  Swamp: Lair:2-3    Shoals: Lair:2-3       Orc: D:9-12

Altars:
Ashenzari
Cheibriados
Dithmenos
Elyvilon
Fedhas
Gozag
Hepliaklqana
Kikubaaqudgha
Makhleb
Nemelex Xobeh
Okawaru
Qazlal
Ru
Sif Muna
Trog
Uskayaw
Vehumet
Wu Jian
Xom
Yredelemnul
Zin
The Shining One

Shops:
D:3 =   D:7 ?

Annotations:
D:3 1 transporter, PaiMei's ghost, amateur DsNe
Lair:2 exclusion: 3 oklob plants


Innate Abilities, Weirdness & Mutations

You can breathe blasts of scalding, opaque steam.
Your pale cyan-grey scales are hard. (AC +8)
You cannot fit into any form of body armour.
You are cold-blooded and may be slowed by cold attacks.
You are immune to the effects of steam.
You have a pair of small antennae on your head.
Your flesh is heat resistant. (rF+)
You are robust. (+10% HP)


Message History

The bolt of fire hits the plant!!
The plant is moderately damaged.
The bolt of fire hits the plant!!!
The plant is heavily damaged.
The bolt of fire hits the plant!!
The plant is heavily damaged.
The bolt of fire hits the plant!!
The plant is moderately damaged.
The bolt of fire hits the plant!!
The plant is heavily damaged.
The bolt of fire hits the plant!!
The plant is heavily damaged.
The bolt of fire hits the plant!!
The plant is moderately damaged.
The bolt of fire hits the plant!!!
The plant is heavily damaged.
The bolt of fire hits the oklob plant!!
The oklob plant is almost destroyed.
A nearby plant withers and dies.
Casting: Starburst (dangerous; 11% risk of failure)
Confirm with . or Enter, or press ? or * to list all spells.
You don't have enough magic to cast this spell.
Unknown command.
A nearby plant withers and dies. x7
The oklob plant spits acid at you. The splash of acid hits you.
The acid corrodes you!
A nearby plant withers and dies.
The oklob plant spits acid at you. The splash of acid hits you!!
An eight-headed hydra comes into view.
The oklob plant spits acid at you. The splash of acid hits you!!
The oklob plant spits acid at you. The splash of acid hits you!!
* * * LOW HITPOINT WARNING * * *
Okay, then.
Okay, then.
The oklob plant spits acid at you. The splash of acid hits you!!
You die...

~...P#).#...##....####
..(.P~......##.....#.#
....~~#.P...##..P..#.#
..#.###....###.#.P...#
............####....##
............# #.....#
............###.....#
..........####P...P.#
............##.#@..##
####........####..P#
~.~##.......# #...#P.#
...P#.......# #.....#
♣...#.......# #....P.#
#..P#.......# #.P....#
P..##.......#
#.#.D.PPP#
..##........#
###P.P..##
.♣#.........# #.P..#


You could see an eight-headed hydra and 3 oklob plants.

Vanquished Creatures
  An oklob plant (Lair:2)
  A salamander (Lair:2)
  Joseph (D:7)
  Maurice (D:7)
  A black mamba (Lair:2)
  5 cane toads
  A yaktaur (shapeshifter) (D:8)
  Jeremiah (D:7)
  2 komodo dragons (Lair:2)
  A troll (D:9)
  4 blink frogs (Lair:2)
  Sigmund (D:2)
  7 wyverns
  10 yaks (D:9)
  A basilisk (Lair:1)
  A steam dragon (D:8)
  Edmund (D:6)
  3 nagas (Lair:2)
  An acid dragon (D:8)
  Duvessa (D:7)
  8 orc warriors
  8 water moccasins
  3 sky beasts
  6 ice beasts
  2 black bears
  14 wolves
  2 ogres (D:7)
  5 centaurs
  A phantom (D:5)
  2 kobold brigands
  10 bullfrogs
  2 gnoll sergeants
  2 scorpions (D:6)
  4 wights
  Dowan (D:7)
  11 killer bees
  2 howler monkeys
  2 bombardier beetles
  2 jellies
  10 orc priests
  4 hounds
  4 sleepcaps
  Crazy Yiuf (D:6)
  An iguana (D:5)
  13 orc wizards
  An ogre zombie (D:4)
  20 gnolls
  A gnoll zombie (D:4)
  9 adders
  5 river rats (Sewer)
  3 shadow imps
  2 white imps
  2 ufetubi (D:6)
  A ribbon worm (D:3)
  43 orcs
  12 endoplasms
  7 giant cockroaches
  9 hobgoblins
  2 jackals (D:2)
  38 kobolds
  10 quokkas
  13 ball pythons
  6 bats
  3 frilled lizards
  4 goblins
  25 rats
381 creatures vanquished.

Notes
Turn   | Place    | Note
-------+----------+-------------------------------------------
     0 | D:1      | hawla the Draconian Conjurer began the quest for the Orb.
     0 | D:1      | Reached XP level 1. HP: 14/14 MP: 3/3
   290 | D:1      | Reached XP level 2. HP: 20/20 MP: 3/5
   294 | D:1      | Learned a level 2 spell: Searing Ray
  1239 | D:2      | You fall into a shaft and drop 1 floor!
  1289 | D:3      | Reached XP level 3. HP: 26/26 MP: 1/6
  1375 | D:3      | Reached skill level 5 in Conjurations
  1375 | D:3      | Reached XP level 4. HP: 33/33 MP: 4/7
  1403 | D:3      | Learned a level 4 spell: Iskenderun's Mystic Blast
  1508 | D:2      | Noticed Sigmund
  1513 | D:2      | Killed Sigmund
  1514 | D:2      | Reached XP level 5. HP: 38/38 MP: 0/9
  2114 | D:2      | Reached XP level 6. HP: 45/45 MP: 5/10
  2764 | D:3      | Found Xastro Bahost's Jewellery Emporium.
  2947 | D:3      | Identified the +5 trident of Eternal Vigilance {flame, rF+
                  | Str+2 Int+2}
  3119 | D:3      | Found a transporter.
  3119 | D:3      | Noticed PaiMei's ghost (amateur DsNe)
  3119 | D:3      | Identified the +1 dire flail "Reskuxti" {holy, Str-5 Dex+3
                  | SInv}
  4023 | D:4      | Found a hazy altar of Hepliaklqana.
  4313 | D:4      | Found a transporter.
  4434 | D:4      | Found a glowing drain.
  4468 | Sewer    | Entered a sewer
  4625 | Sewer    | Reached skill level 1 in Fighting
  4625 | Sewer    | Your scales start taking on a pale cyan-grey colour.
  4625 | Sewer    | Reached XP level 7. HP: 52/52 MP: 6/12
  4625 | Sewer    | Gained mutation: You are immune to the effects of steam.
                  | [Pale Draconian growth]
  4632 | Sewer    | Reached skill level 1 in Polearms
  5423 | D:4      | Found a transporter.
  5582 | D:5      | Entered Level 5 of the Dungeon
  5595 | D:5      | Identified the +6 chain mail of the Slorg {rElec rC- Will+
                  | Regen+}
  6067 | D:5      | Reached XP level 8. HP: 44/62 MP: 7/14
  6632 | D:5      | Learned a level 2 spell: Blink
  7100 | D:6      | Gained mutation: You occasionally shout uncontrollably at
                  | your foes. [potion of mutation]
  7100 | D:6      | Gained mutation: You have sharp toenails. [potion of
                  | mutation]
  7101 | D:6      | Lost mutation: You have sharp toenails. [potion of
                  | mutation]
  7101 | D:6      | Lost mutation: You occasionally shout uncontrollably at
                  | your foes. [potion of mutation]
  7101 | D:6      | Gained mutation: Your magical capacity is low. (-10% MP)
                  | [potion of mutation]
  7101 | D:6      | Gained mutation: You are agile. (Dex +4, Str/Int -1)
                  | [potion of mutation]
  7101 | D:6      | Gained mutation: Your large and strong wings let you fly.
                  | [potion of mutation]
  7102 | D:6      | Lost mutation: You are agile. (Dex +4, Str/Int -1) [potion
                  | of mutation]
  7102 | D:6      | Lost mutation: Your large and strong wings let you fly.
                  | [potion of mutation]
  7102 | D:6      | Gained mutation: You are robust. (+10% HP) [potion of
                  | mutation]
  7103 | D:6      | Lost mutation: You are robust. (+10% HP) [potion of
                  | mutation]
  7103 | D:6      | Lost mutation: Your magical capacity is low. (-10% MP)
                  | [potion of mutation]
  7103 | D:6      | Gained mutation: Your flesh is heat resistant. (rF+)
                  | [potion of mutation]
  7103 | D:6      | Gained mutation: You have a pair of small antennae on your
                  | head. [potion of mutation]
  7103 | D:6      | Gained mutation: You are robust. (+10% HP) [potion of
                  | mutation]
  7149 | D:6      | Noticed Edmund
  7471 | D:6      | Killed Edmund
  7571 | D:6      | Found an iron altar of Okawaru.
  7679 | D:6      | Reached skill level 5 in Polearms
  7863 | D:6      | Found a staircase to the Ecumenical Temple.
  7871 | Temple   | Entered the Ecumenical Temple
  8026 | D:6      | Reached XP level 9. HP: 70/77 MP: 15/15
  8195 | D:6      | Found a radiant altar of Vehumet.
  8200 | D:6      | Found a snail-covered altar of Cheibriados.
  8206 | D:6      | Became a worshipper of Vehumet
  8715 | D:6      | Found a runed translucent door.
  8716 | D:6      | Noticed Crazy Yiuf
  8803 | D:6      | Killed Crazy Yiuf
  8804 | D:6      | Reached skill level 1 in Staves
  8971 | D:7      | Noticed Joseph
  9060 | D:7      | Paralysed by Joseph for 2 turns
  9064 | D:7      | Paralysed by Joseph for 3 turns
  9069 | D:7      | Paralysed by Joseph for 2 turns
  9071 | D:7      | Killed Joseph
  9076 | D:7      | Reached skill level 5 in Spellcasting
  9264 | D:7      | Found Xokloid's Magic Scroll Boutique.
  9420 | D:7      | Noticed Jeremiah
  9460 | D:7      | Noticed Maurice
  9591 | D:6      | Learned a level 5 spell: Fireball
  9638 | D:7      | Noticed Duvessa
  9643 | D:7      | Reached skill level 1 in Fire Magic
  9643 | D:7      | Noticed Dowan
 10080 | D:7      | Paralysed by Maurice for 4 turns
 10081 | D:7      | Maurice stole a staff of conjuration
 10099 | D:7      | Killed Maurice
 10099 | D:7      | Reached * piety under Vehumet
 10099 | D:7      | Offered knowledge of Sandblast by Vehumet.
 10100 | D:7      | Reached skill level 5 in Fire Magic
 10100 | D:7      | Reached XP level 10. HP: 35/86 MP: 7/17
 10270 | D:7      | Killed Dowan
 10278 | D:7      | Killed Duvessa
 10496 | D:7      | Noticed a gargoyle
 10578 | D:7      | HP: 4/86 [gargoyle/stone arrow (17)]
 11052 | D:7      | Killed Jeremiah
 11283 | D:7      | HP: 2/88 [gargoyle/stone arrow (14)]
 12926 | D:8      | Reached skill level 5 in Dodging
 13193 | D:8      | Reached ** piety under Vehumet
 13193 | D:8      | Offered knowledge of Mercury Vapours by Vehumet.
 13197 | D:8      | Reached skill level 5 in Fighting
 13463 | D:8      | Reached XP level 11. HP: 85/94 MP: 20/20
 13762 | D:9      | Reached skill level 1 in Earth Magic
 13953 | D:9      | Found a glowing silver altar of Zin.
 14124 | D:9      | Found a bloodstained altar of Trog.
 14192 | D:9      | Found a staircase to the Lair.
 14656 | D:9      | Identified the +3 long sword of Annoyance {flame, rF+
                  | Int+3}
 14929 | D:9      | Offered knowledge of Stone Arrow by Vehumet.
 15022 | D:9      | Reached *** piety under Vehumet
 15295 | Lair:1   | Entered Level 1 of the Lair of Beasts
 15969 | Lair:1   | Reached skill level 5 in Translocations
 16679 | Lair:1   | Learned a level 6 spell: Starburst
 16690 | Lair:2   | Reached skill level 1 in Long Blades
 16913 | Lair:2   | Reached skill level 5 in Stealth
 17342 | Lair:2   | Offered knowledge of Sticky Flame by Vehumet.
 17768 | Lair:2   | HP: 3/96 [naga/+0 glaive (21)]
 18019 | Lair:2   | Reached XP level 12. HP: 90/104 MP: 14/22
 18307 | Lair:2   | Found a staircase to the Snake Pit.
 18514 | Lair:2   | Noticed an eight-headed hydra
 18518 | Lair:2   | Killed from afar by an oklob plant

Illustrated notes

Levels and vault maps discovered:
D:1:      dpeg_arrival_lava_temple_mockup, layout_basic,
          minmay_stone_trees_small
D:2:      layout_basic, minmay_fountain_box, grunt_decor_arrowhead,
          kennysheep_generic_room_6, uniq_sigmund
D:3:      layout_basic, serial_shops, nicolae_lakefront_shop,
          gammafunk_ghost_smash, chequers_serial_rivers_room_b
D:4:      gammafunk_cloud_chamber, layout_basic,
          nicolae_hepliaklqana_hazy_memory, gup_sewer_entry_pipe
D:5:      layout_layer_cave, chequers_serial_rivers_small_b
D:6:      layout_gridville, okawaru_gym_becter, grunt_temple_overflow_open,
          temple_green, minmay_fractal_squares_5, uniq_crazy_yiuf_cottage,
          uniq_edmund
D:7:      minmay_chambers_of_fours, layout_basic, kennysheep_windowed_goal,
          uniq_jeremiah, uniq_joseph, uniq_maurice, uniq_duvessa
D:8:      wad_guarded_room, layout_loops_ring, grunt_decor_one_mirror
D:9:      layout_stronghold, trog_hazing_becter, zin_academy,
          erik_lair_orcish_takeover, dreamdust_princess_bridge,
          grunt_ministairs_8
Temple:   lightli_temple_of_artemis
Lair:1:   layout_gridlike, enter_volcano_1
Lair:2:   minmay_lair_oklob_tunnel, layout_gridlike,
          mainiacjoe_shoals_entry_four_pools, alex1729_snake_entry_snake,
          grunt_megastairs_2

Skill      XL: |  1  2  3  4  5  6  7  8  9 10 11 12 |
---------------+-------------------------------------+-----
Stealth        | 2 3 4 5 |  5.2
Dodging        | 2 3 4 5 6 |  6.9
Conjurations   | 5 6 7 8 |  8.4
Translocations | 2 3 4 5 6 |  6.0
Spellcasting   | 3 4 5 6 7 |  7.0
Fighting       | 1 2 3 4 5 |  5.7
Polearms       | 3 5 7 8 |  8.2
Evocations     | 3 |  3.2
Staves         | 2 |  2.7
Fire Magic     | 5 7 |  7.1
Earth Magic    | 3 |  3.0
Long Blades    | 2 |  2.1

Action                     |  1- 3 |  4- 6 |  7- 9 | 10-12 || total
---------------------------+-------+-------+-------+-------++-------
  Melee: Unarmed           |    23 |    27 |    25 |       ||    75
         Tailslap          |     2 |    13 |    17 |    32 ||    64
         Punch             |     1 |       |     2 |     6 ||     9
         Trident           |       |    84 |   190 |   241 ||   515
         Staff             |       |       |    46 |    13 ||    59
         Quarterstaff      |       |       |    16 |       ||    16
         Long sword        |       |       |       |    37 ||    37
   Cast: Magic Dart        |    30 |    29 |    10 |     9 ||    78
         Searing Ray       |    14 |    30 |    45 |    48 ||   137
         Iskenderun's Myst |       |     2 |    32 |    82 ||   116
         Fireball          |       |       |       |     9 ||     9
         Blink             |       |       |       |     7 ||     7
         Starburst         |       |       |       |    12 ||    12
Ability: Breathe Steam     |       |       |     1 |       ||     1
  Evoke: Wand              |       |       |     5 |     5 ||    10
    Use: Scroll            |     4 |     8 |    15 |     3 ||    30
         Potion            |     1 |       |    13 |     5 ||    19
   Stab: Sleeping          |       |       |     3 |     8 ||    11
         Distracted        |       |       |     1 |     1 ||     2
         Paralysed         |       |       |       |     2 ||     2
 Armour: Skin              |    19 |    78 |   275 |   326 ||   698
  Dodge: Dodged            |    23 |    92 |   231 |   265 ||   611
